 Dungeon Crawl Stone Soup version 0.31-a0-267-g3fc6992b3b (webtiles) character file.

Game seed: 9988162681116169659

98 qw the Shooter (level 4, -4/36 HPs)
             Began as a Minotaur Hexslinger on July 14, 2023.
             Slain by an orc
             ... wielding a +0 mace
              (6 damage)
             ... on level 3 of the Dungeon.
             The game lasted 00:00:46 (1486 turns).

qw the Shooter (Minotaur Hexslinger)                Turns: 1486, Time: 00:00:47

Health: -4/36      AC:  5    Str: 12    XL:     4   Next: 44%
Magic:  4/4        EV: 11    Int: 10    God:
Gold:   122        SH:  0    Dex: 15    Spells: 4/5 levels left

rFire   . . .        Y - +1 sling
rCold   . . .        (no shield)
rNeg    . . .        e - +0 ring mail
rPois   .            (helmet restricted)
rElec   .            (no cloak)
rCorr   .            (no gloves)
SInv    +            (no boots)
Will    .....        (no amulet) Stlth
                     d - ring of see invisible
HPRegen 0.26/turn    (no ring)
MPRegen 0.09/turn

%: no passive effects
@: confused
A: horns 2, retaliatory headbutt
a: no special abilities


You were on level 3 of the Dungeon.
You visited 1 branch of the dungeon, and saw 3 of its levels.

You collected 122 gold pieces.


Innate Abilities, Weirdness & Mutations

You have a pair of horns on your head.
You reflexively headbutt those who attack you in melee.


   Skills:
 - Level 2.1 Fighting
 + Level 4.8 Ranged Weapons
 - Level 1.0 Armour
 - Level 2.1 Dodging
 - Level 1.0 Spellcasting
 - Level 2.0 Hexes


You had 4 spell levels left.
You knew the following spells:

 Your Spells              Type           Power      Damage    Failure   Level
a - Slow                  Hex            16%        N/A       34%         1

Your spell library contained the following spells:

 Spells                   Type           Power      Damage    Failure   Level
 Inner Flame              Hex/Fire       2%         N/A       83%         3
 Portal Projectile        Hex/Tloc       4%         N/A       83%         3
 Cause Fear               Hex            2%         N/A       98%         4

Inventory:

Hand Weapons
 Y - a +1 sling (weapon)
Armour
 e - a +0 ring mail (worn)
Jewellery
 d - a ring of see invisible (left hand)
 f - a ring of fire
Scrolls
 b - a scroll of identify
Potions
 a - a potion of curing {unknown}
 g - a potion of lignification {unknown}
 j - a potion of haste {unknown}
 k - a potion of ambrosia {unknown}

Dungeon Overview and Level Annotations

Branches:
Dungeon (3/15)

Altars:


Message History

You shoot a sling bullet. The sling bullet misses the orc wizard.
An orc comes into view. It is wielding a +0 club.
A goblin comes into view. It is wielding a +0 dagger.
You shoot a sling bullet.
The sling bullet hits the orc wizard but does no damage.
The orc wizard is lightly wounded.
The orc wizard casts a spell at you.
You are confused.
An endoplasm comes into view.
The endoplasm quivers.
The orc wizard barely misses you. The orc barely misses you.
The orc wizard hits you with a +0 dagger.
The orc hits you but does no damage.
The orc wizard gestures at you while chanting.
The magic dart hits you. The orc closely misses you.
The orc wizard casts a spell at you.
You are more confused.
The orc wizard points at you and mumbles some strange words.
The magic dart hits you! The orc hits you with a +0 mace.
The orc hits you but does no damage. The orc wizard casts a spell at you.
You are more confused.
The orc barely misses you. The goblin hits you but does no damage.
The orc hits you but does no damage.
The orc wizard hits you with a +0 dagger.
The orc closely misses you. The goblin hits you with a +0 dagger.
The orc closely misses you.
The orc wizard hits you but does no damage.
The orc barely misses you. The orc hits you but does no damage.
The goblin hits you but does no damage.
The orc wizard hits you but does no damage.
The orc hits you but does no damage. The orc closely misses you.
The goblin closely misses you.
The orc wizard hits you but does no damage.
The orc hits you with a +0 mace. The orc hits you with a +0 club.
The goblin hits you but does no damage.
The orc wizard hits you but does no damage.
The orc hits you with a +0 club. The goblin hits you with a +0 dagger.
The orc hits you with a +0 mace.
You die...

........###..... .#
#............... ..
..######........ ##.# .
##..######. ...
######..## #. #
..##......## #. ...
#.#..###### #...#g#.##
#.Jo@.# ).....oo....#
... #.
..).......#.............
....................<.#.
...............#........
..........###...........
..........# ###.......
..........# #......#
#.......


You could see an orc wizard (invisible), 2 orcs, an endoplasm and a goblin.

Vanquished Creatures
  3 adders (D:2)
  A worm (D:2)
  5 dart slugs
  2 orcs (D:3)
  7 ball pythons
  5 bats
  5 endoplasms
  2 giant cockroaches
  2 goblins
  6 hobgoblins
  6 jackals
  A quokka (D:2)
  A frilled lizard (D:1)
  2 kobolds
  5 rats
53 creatures vanquished.

Notes
Turn   | Place    | Note
-------+----------+-------------------------------------------
     0 | D:1      | qw the Minotaur Hexslinger began the quest for the Orb.
     0 | D:1      | Reached XP level 1. HP: 16/16 MP: 1/1
     0 | D:1      | 0 ||| qw: Version: 0.3-a-52-g30416fa
     0 | D:1      | 0 ||| qw: Game counter: 7809
     0 | D:1      | 0 ||| qw: Melee chars always use a shield: true
     0 | D:1      | 0 ||| qw: God list: Okawaru
     0 | D:1      | 0 ||| qw: Allow faded altars: false
     0 | D:1      | 0 ||| qw: Do Orc after clearing Dungeon:15 true
     0 | D:1      | 0 ||| qw: Do second Lair branch before Depths: true
     0 | D:1      | 0 ||| qw: Lair rune preference: random
     0 | D:1      | 0 ||| qw: Goals: Normal
     0 | D:1      | 0 ||| PLANNING D:1-11
   176 | D:1      | 176 ||| FLEEEEING.
   177 | D:1      | 177 ||| FLEEEEING.
   181 | D:1      | 181 ||| FLEEEEING.
   182 | D:1      | 182 ||| FLEEEEING.
   183 | D:1      | 183 ||| FLEEEEING.
   184 | D:1      | 184 ||| FLEEEEING.
   185 | D:1      | 185 ||| FLEEEEING.
   201 | D:1      | Reached skill level 3 in Ranged Weapons
   201 | D:1      | Reached XP level 2. HP: 16/23 MP: 2/2
   521 | D:1      | Reached XP level 3. HP: 23/29 MP: 3/3
   736 | D:1      | 736 ||| READING scroll labelled RIDWAFRITIEMN.
   737 | D:1      | 737 ||| READING scroll labelled XUECVO TOLEI.
   742 | D:1      | 742 ||| READING scroll labelled GAMUPL DUIRPHE.
   743 | D:1      | 743 ||| READING scroll labelled POLETSUSE.
   744 | D:1      | 744 ||| DROPPING scroll of poison.
   761 | D:2      | 761 ||| STAIRDANCE
   882 | D:2      | Reached skill level 4 in Ranged Weapons
  1060 | D:2      | 1060 ||| FLEEEEING.
  1061 | D:2      | 1061 ||| FLEEEEING.
  1072 | D:2      | Reached XP level 4. HP: 33/36 MP: 4/4
  1345 | D:2      | 1345 ||| UPGRADING to +0 ring mail.
  1376 | D:2      | 1376 ||| DROPPING +0 robe.
  1377 | D:2      | 1377 ||| UPGRADING to ring of see invisible.
  1378 | D:2      | 1378 ||| READING 2 scrolls labelled QIAVEST QUPO.
  1473 | D:3      | Reached skill level 1 in Armour
  1485 | D:3      | HP: 8/36 [orc/+0 mace (6)]
  1486 | D:3      | HP: 2/36 [goblin/+0 dagger (2)]
  1486 | D:3      | Slain by an orc

Levels and vault maps discovered:
D:1:      amcnicky_arrival_single_pillar, layout_basic
D:2:      layout_basic, minmay_misc_feat_enclosed, mrwooster_statue_mirror
D:3:      minmay_diamond_boxcup, layout_rooms, serial_shops,
          nicolae_shop_drivethru, uniq_grinder

Skill      XL: |  1  2  3  4 |
---------------+-------------+-----
Ranged Weapons | 3 4 |  4.8
Fighting       | 2 |  2.1
Armour         | 1 |  1.0
Dodging        | |  2.1
Spellcasting   | |  1.0
Hexes          | |  2.0

Action                     |  1- 3 |  4- 6 || total
---------------------------+-------+-------++-------
   Fire: Sling             |   128 |    33 ||   161
    Use: Scroll            |     4 |     1 ||     5
 Armour: Robe              |     2 |       ||     2
         Ring mail         |       |    13 ||    13
  Dodge: Dodged            |    27 |    15 ||    42

Table legend:
 A = Non-vault XP
 B = Vault XP
 C = Vault XP percentage of total XP
 D = Non-vault monster count
 E = Vault monster count
 F = Vault count percentage of total count
                 A         B        C        D         E       F
            +---------+---------+-------+---------+---------+-------
      Total |     141 |       0 |   0.0 |      53 |       0 |   0.0
            +---------+---------+-------+---------+---------+-------
        D:1 |      49 |       0 |   0.0 |      26 |       0 |   0.0
        D:2 |      80 |       0 |   0.0 |      22 |       0 |   0.0
        D:3 |      12 |       0 |   0.0 |       5 |       0 |   0.0
            +---------+---------+-------+---------+---------+-------
